AoeStats
← Dwight ツ

Arabia

506218342Analyzed
4v4 RM · 19d ago on Sep 12, 2026· 46m 19s· 8 players
Game mode
Random Map
Map size
Large (8 player)
Population
200
Speed
Normal
Resources
Standard
Victory
Conquest
Starting age
Dark Age
Ending age
Imperial Age
RankedLock teamsTeams togetherTeam positionsShared explorationLock speedFull tech treeHidden civsTurbo modeCheats
Victory
Defeat
🇦🇷 Vikings · Argentina
1171
+13
🇦🇷 Japanese · Argentina
1050
+18
🇦🇷 Persians · Argentina
1039
+18
🇦🇷 Franks · Argentina
1009
+18
🇳🇱 Poles · Netherlands
1125
-18
🇧🇪 Franks · Belgium
1092
-17
🇨🇴 Poles · Colombia
1071
-16
🇺🇸 Aztecs · United States
1070
-16
actions speak loudr than wololoo
10:41 Feudal Age
14:46 Fletching
21:40 Castle Age
20:05 Double-Bit Axe
20:33 Gold Mining
24:03 Redemption
24:20 Sanctity
25:41 Loom
26:16 Bodkin Arrow
29:24 Eagle Warrior
31:47 Horse Collar
32:32 Squires
33:03 Bow Saw
33:31 Forging
33:21 Scale Mail Armor
34:18 Crossbowman
35:35 Stone Mining
38:48 Chain Mail Armor
39:09 Iron Casting
45:05 Pikeman
CC182
8:47 Loom
11:36 Feudal Age
12:31 Double-Bit Axe
12:28 Horse Collar
12:35 Town Watch
21:07 Castle Age
21:35 Fletching
31:15 Bodkin Arrow
Dwight ツ
11:08 Feudal Age
11:31 Loom
17:51 Castle Age
17:48 Double-Bit Axe
20:16 Fletching
21:32 Bodkin Arrow
26:03 Scale Barding Armor
28:51 Forging
30:52 Wheelbarrow
31:08 Husbandry
33:07 Iron Casting
32:57 Padded Archer Armor
34:10 Chain Barding Armor
36:09 Hand Cart
36:27 Pikeman
37:10 Scale Mail Armor
37:44 Bow Saw
40:24 Chain Mail Armor
40:20 Arson
40:35 Squires
42:29 Light Cavalry
43:25 Masonry
47:37 Imperial Age
44:55 Town Watch
XXxCoExXX
3:24 Loom
11:51 Feudal Age
12:49 Double-Bit Axe
16:08 Bloodlines
20:28 Horse Collar
22:24 Scale Barding Armor
28:12 Castle Age
28:11 Forging
29:07 Wheelbarrow
28:28 Stone Mining
28:28 Gold Mining
29:39 Iron Casting
29:24 Chain Barding Armor
31:04 Heavy Plow
32:00 Hand Cart
32:19 Fletching
35:39 Husbandry
36:37 Szlachta Privileges
48:11 Imperial Age
45:38 Light Cavalry
46:32 Bodkin Arrow
Kikelot
7:09 Loom
9:44 Feudal Age
13:02 Forging
15:57 Scale Barding Armor
20:50 Wheelbarrow
23:12 Castle Age
21:42 Double-Bit Axe
21:48 Gold Mining
22:40 Stone Mining
25:31 Iron Casting
26:48 Chain Barding Armor
26:38 Husbandry
31:45 Bow Saw
32:11 Gold Shaft Mining
45:43 Imperial Age
43:28 Hand Cart
45:50 Cavalier
Pachegol
7:39 Loom
9:36 Feudal Age
10:24 Double-Bit Axe
10:39 Horse Collar
12:45 Man-at-Arms
16:20 Wheelbarrow
20:49 Castle Age
20:42 Bloodlines
20:43 Scale Barding Armor
20:48 Forging
21:43 Bow Saw
21:47 Husbandry
22:03 Squires
22:56 Heavy Plow
23:44 Pikeman
27:28 Iron Casting
27:08 Town Watch
30:02 Hand Cart
33:27 Chain Barding Armor
35:37 Gambesons
39:58 Imperial Age
40:26 Cavalier
42:39 Blast Furnace
42:38 Gold Mining
42:39 Stone Mining
42:45 Savar
45:44 Conscription
Aioria
7:47 Loom
10:24 Feudal Age
11:00 Double-Bit Axe
16:34 Fletching
16:45 Padded Archer Armor
22:22 Castle Age
23:02 Crossbowman
24:29 Bow Saw
30:32 Bodkin Arrow
30:53 Leather Archer Armor
39:08 Imperial Age
39:30 Arbalester
40:19 Bracer
40:50 Ring Archer Armor
40:46 Ballistics
44:36 Chemistry
46:08 Two-Man Saw
44:50 Horse Collar
45:01 Gold Mining
45:03 Stone Mining
[PPP] BlackPanter
6:39 Loom
9:06 Feudal Age
9:37 Double-Bit Axe
9:39 Man-at-Arms
11:30 Horse Collar
15:13 Fletching
18:25 Wheelbarrow
22:29 Castle Age
22:36 Crossbowman
23:15 Bodkin Arrow
23:20 Padded Archer Armor
23:42 Bow Saw
23:47 Gambesons
23:22 Long Swordsman
24:03 Squires
27:34 Ballistics
29:39 Gold Mining
30:02 Scale Mail Armor
31:55 Gold Shaft Mining
31:53 Squires
32:10 Chain Mail Armor
33:21 Hand Cart
35:05 Pikeman
35:59 Forging
42:02 Imperial Age
42:40 Stone Mining
42:43 Two-Handed Swordsman
43:56 Plate Mail Armor
45:54 Iron Casting
45:49 Arbalester
46:03 Halberdier
Connection lost

Rejoining the realm…

Still unreachable

The connection could not be restored.

Session expired

The server has moved on; the page needs a fresh start.